ABL
ST. KILDA SAINTS @ SOUTH SYDNEY RABBITOHS
06/17/2022
 
TOP OF THE 1ST
St. Kilda Saints batting - Pitching for South Sydney Rabbitohs : RHP Curtis Chatfield
Pitching: RHP Curtis Chatfield
Batting: RHB Graeme Coverdale 0-0: Called Strike
0-1: Ground out 4-3 (Groundball, 34, EV 88.1 MPH)
Batting: RHB Ron Corney 0-0: Ground out 5-3 (Groundball, 56S, EV 67.5 MPH)
Batting: RHB Billy Rigden 0-0: Ground out 6-3 (Groundball, 6M, EV 83.8 MPH)
Top of the 1st over - 0 runs, 0 hits, 0 errors, 0 left on base; St. Kilda 0 - South Sydney 0
BOTTOM OF THE 1ST
South Sydney Rabbitohs batting - Pitching for St. Kilda Saints : LHP Robbie Vian
Pitching: LHP Robbie Vian
Batting: LHB Clint Soper 0-0: Called Strike
0-1: Swinging Strike
0-2: Strikes out swinging
Batting: RHB Luke Godden 0-0: Swinging Strike
0-1: Ball
1-1: Ground out U3 (Groundball, 34, EV 74.4 MPH)
Batting: RHB Kirby Hooley 0-0: Called Strike
0-1: Ball
1-1: Called Strike
1-2: Ball
2-2: Ball
3-2: Foul Ball, location: 2F
3-2: Foul Ball, location: 7LDF
3-2: Base on Balls
Batting: RHB Pete Vinson 0-0: Ball
1-0: Ball
2-0: Ball
3-0: Base on Balls
Kirby Hooley to second
Batting: RHB Michael Weyman 0-0: Ball
1-0: Swinging Strike
1-1: Swinging Strike
1-2: Ball
2-2: Foul Ball, location: 2RF
2-2: Fielders Choice at 2nd, 6-4 (Groundball, 6, EV 86.3 MPH)
Bottom of the 1st over - 0 runs, 0 hits, 0 errors, 2 left on base; St. Kilda 0 - South Sydney 0
TOP OF THE 2ND
St. Kilda Saints batting - Pitching for South Sydney Rabbitohs : RHP Curtis Chatfield
Batting: LHB Joe Coate 0-0: SOLO HOME RUN (Flyball, 78XD, EV 102.5 MPH), Distance : 423 ft
Batting: SHB Rickie Rowles 0-0: Called Strike
0-1: Ball
1-1: Ball
2-1: Ball
3-1: Called Strike
3-2: Foul Ball, location: 2F
3-2: Base on Balls
Batting: RHB Jonathan Langlands 0-0: Bunted foul
0-1: Ball
1-1: Bunted foul
1-2: Ball
2-2: Grounds into double play, 4-6-3 (Groundball, 4, EV 105.0 MPH)
Batting: LHB Sonny Crosby 0-0: Called Strike
0-1: Ball
1-1: Foul Ball, location: 2F
1-2: Ball
2-2: Ground out 6-3 (Groundball, 6, EV 110.0 MPH)
Top of the 2nd over - 1 run, 1 hit, 0 errors, 0 left on base; St. Kilda 1 - South Sydney 0
BOTTOM OF THE 2ND
South Sydney Rabbitohs batting - Pitching for St. Kilda Saints : LHP Robbie Vian
Batting: RHB Arnie Bartelot 0-0: Called Strike
0-1: Ball
1-1: SINGLE (Groundball, 6S, EV 67.5 MPH) (infield hit)
Batting: RHB Axel Winson 0-0: Ball
Arnie Bartelot steals 2nd base
1-0: Ground out 1-3 (Groundball, 15S, EV 67.5 MPH)
Arnie Bartelot to third
Batting: RHB Oliver Trick 0-0: Ball
1-0: Called Strike
1-1: Foul Ball, location: 2F
1-2: Ball
2-2: Strikes out swinging
Batting: RHB Curtis Chatfield 0-0: Foul Ball, location: 23F
0-1: Ball
1-1: Ground out 5-3 (Groundball, 5, EV 103.1 MPH)
Bottom of the 2nd over - 0 runs, 1 hit, 0 errors, 1 left on base; St. Kilda 1 - South Sydney 0
TOP OF THE 3RD
St. Kilda Saints batting - Pitching for South Sydney Rabbitohs : RHP Curtis Chatfield
Batting: LHB Tim Crashaw 0-0: Called Strike
0-1: Ground out 6-3 (Groundball, 6, EV 81.3 MPH)
Batting: RHB Robbie Vian 0-0: Foul Ball, location: 9LSF
0-1: Ball
1-1: Ball
2-1: Ground out 5-3 (Groundball, 56S, EV 63.8 MPH)
Batting: RHB Graeme Coverdale 0-0: Called Strike
0-1: Foul Ball, location: 5F
0-2: Ground out 6-3 (Groundball, 6S, EV 67.5 MPH)
Top of the 3rd over - 0 runs, 0 hits, 0 errors, 0 left on base; St. Kilda 1 - South Sydney 0
BOTTOM OF THE 3RD
South Sydney Rabbitohs batting - Pitching for St. Kilda Saints : LHP Robbie Vian
Batting: LHB Clint Soper 0-0: Ball
1-0: Ball
2-0: Ball
3-0: Called Strike
3-1: Base on Balls
Batting: RHB Luke Godden 0-0: Bunt missed!
0-1: Sac Bunt to 13S - play at first, batter OUT! 1-3
Clint Soper to second
Batting: RHB Kirby Hooley 0-0: Foul Ball, location: 9LMF
0-1: Ball
1-1: Foul Ball, location: 2F
1-2: Strikes out swinging
Batting: RHB Pete Vinson 0-0: Ball
1-0: 2-RUN HOME RUN (Flyball, 78XD, EV 106.3 MPH), Distance : 410 ft
Batting: RHB Michael Weyman 0-0: Called Strike
0-1: SINGLE (Line Drive, 4MD, EV 102.5 MPH)
Batting: RHB Arnie Bartelot 0-0: Ball
1-0: Foul Ball, location: 2F
1-1: Ball
2-1: Ground out 4-3 (Groundball, 4, EV 101.3 MPH)
Bottom of the 3rd over - 2 runs, 2 hits, 0 errors, 1 left on base; St. Kilda 1 - South Sydney 2
TOP OF THE 4TH
St. Kilda Saints batting - Pitching for South Sydney Rabbitohs : RHP Curtis Chatfield
Batting: RHB Ron Corney 0-0: Called Strike
0-1: Swinging Strike
0-2: Ball
1-2: Ball
2-2: Foul Ball, location: 25F
2-2: Ball
3-2: Foul Ball, location: 3FF
3-2: Strikes out swinging
Batting: RHB Billy Rigden 0-0: Called Strike
0-1: Ball
1-1: SINGLE (Line Drive, 4MD, EV 101.3 MPH)
Batting: LHB Joe Coate 0-0: Ball
1-0: Ball
2-0: Fly out, F8 (Flyball, 8RXD, EV 98.1 MPH)
Batting: SHB Rickie Rowles 0-0: Ball
1-0: Ground out U3 (Groundball, 3L, EV 86.9 MPH)
Top of the 4th over - 0 runs, 1 hit, 0 errors, 1 left on base; St. Kilda 1 - South Sydney 2
BOTTOM OF THE 4TH
South Sydney Rabbitohs batting - Pitching for St. Kilda Saints : LHP Robbie Vian
Batting: RHB Axel Winson 0-0: Ball
1-0: Called Strike
1-1: Ball
2-1: Swinging Strike
2-2: Ball
3-2: Ground out 6-3 (Groundball, 6, EV 88.1 MPH)
Batting: RHB Oliver Trick 0-0: Foul Ball, location: 7LDF
0-1: Called Strike
0-2: Ball
1-2: Ball
2-2: Ground out 5-3 (Groundball, 56S, EV 68.8 MPH)
Batting: RHB Curtis Chatfield 0-0: Ball
1-0: Ball
2-0: Foul Ball, location: 2F
2-1: SINGLE (Line Drive, 8LS, EV 104.4 MPH)
Batting: LHB Clint Soper 0-0: Called Strike
0-1: Swinging Strike
0-2: Ground out 4-3 (Groundball, 4, EV 65.0 MPH)
Bottom of the 4th over - 0 runs, 1 hit, 0 errors, 1 left on base; St. Kilda 1 - South Sydney 2
TOP OF THE 5TH
St. Kilda Saints batting - Pitching for South Sydney Rabbitohs : RHP Curtis Chatfield
Batting: RHB Jonathan Langlands 0-0: Called Strike
0-1: Foul Ball, location: 2F
0-2: Ball
1-2: Ball
2-2: Strikes out looking
Batting: LHB Sonny Crosby 0-0: Foul Ball, location: 2F
0-1: Ball
1-1: Ball
2-1: Called Strike
2-2: Strikes out swinging
Batting: LHB Tim Crashaw 0-0: Called Strike
0-1: Swinging Strike
0-2: Strikes out swinging
Top of the 5th over - 0 runs, 0 hits, 0 errors, 0 left on base; St. Kilda 1 - South Sydney 2
BOTTOM OF THE 5TH
South Sydney Rabbitohs batting - Pitching for St. Kilda Saints : LHP Robbie Vian
Batting: RHB Luke Godden 0-0: Called Strike
0-1: Ball
1-1: Ball
2-1: Called Strike
2-2: Foul Ball, location: 2F
2-2: Ball
3-2: Foul Ball, location: 25F
3-2: Ground out 5-3 (Groundball, 56, EV 88.8 MPH)
Batting: RHB Kirby Hooley 0-0: Ball
1-0: Called Strike
1-1: Called Strike
1-2: Ground out 6-3 (Groundball, 6, EV 93.1 MPH)
Batting: RHB Pete Vinson 0-0: Called Strike
0-1: Ball
1-1: Foul Ball, location: 23F
1-2: Ball
2-2: Ball
3-2: Fly out, F7 (Line Drive, 7, EV 102.5 MPH)
Bottom of the 5th over - 0 runs, 0 hits, 0 errors, 0 left on base; St. Kilda 1 - South Sydney 2
TOP OF THE 6TH
St. Kilda Saints batting - Pitching for South Sydney Rabbitohs : RHP Curtis Chatfield
Batting: RHB Robbie Vian 0-0: Foul Ball, location: 9LDF
0-1: Foul Ball, location: 2F
0-2: Strikes out swinging
Batting: RHB Graeme Coverdale 0-0: Foul Ball, location: 2F
0-1: Ball
1-1: Swinging Strike
1-2: Ball
2-2: Strikes out swinging
Batting: RHB Ron Corney 0-0: Swinging Strike
0-1: Ball
1-1: Ball
2-1: DOUBLE (Line Drive, 89D, EV 99.4 MPH)
Batting: RHB Billy Rigden 0-0: Foul Ball, location: 2F
0-1: Ball
1-1: Ball
2-1: Swinging Strike
2-2: SINGLE (Groundball, 13S, EV 62.5 MPH) (infield hit)
Ron Corney to third
Pitching: LHP Ben Pearn
Batting: LHB Joe Coate 0-0: Ball
1-0: Ball
2-0: Called Strike
2-1: Swinging Strike
2-2: Strikes out swinging
Top of the 6th over - 0 runs, 2 hits, 0 errors, 2 left on base; St. Kilda 1 - South Sydney 2
BOTTOM OF THE 6TH
South Sydney Rabbitohs batting - Pitching for St. Kilda Saints : LHP Robbie Vian
Batting: RHB Michael Weyman 0-0: Ground out 5-3 (Groundball, 5, EV 89.4 MPH)
Batting: RHB Arnie Bartelot 0-0: Ball
1-0: Ball
2-0: Ball
3-0: Base on Balls
Batting: RHB Axel Winson 0-0: Ball
1-0: Called Strike
1-1: Fly out, F4 (Popup, 4S, EV 80.0 MPH)
Batting: RHB Oliver Trick 0-0: Ball
1-0: Foul Ball, location: 3F
1-1: Called Strike
1-2: Foul Ball, location: 9LMF
1-2: Strikes out swinging
Bottom of the 6th over - 0 runs, 0 hits, 0 errors, 1 left on base; St. Kilda 1 - South Sydney 2
TOP OF THE 7TH
St. Kilda Saints batting - Pitching for South Sydney Rabbitohs : LHP Ben Pearn
Batting: SHB Rickie Rowles 0-0: Called Strike
0-1: Called Strike
0-2: Ball
1-2: Foul Ball, location: 2LF
1-2: Strikes out swinging
Batting: RHB Jonathan Langlands 0-0: Called Strike
0-1: Ball
1-1: Called Strike
1-2: Strikes out swinging
Pinch Hitting: RHB Sam Jevons 0-0: Called Strike
0-1: Ball
1-1: Fly out, F1 (Line Drive, P, EV 71.3 MPH)
Top of the 7th over - 0 runs, 0 hits, 0 errors, 0 left on base; St. Kilda 1 - South Sydney 2
BOTTOM OF THE 7TH
South Sydney Rabbitohs batting - Pitching for St. Kilda Saints : LHP Robbie Vian
Now at 1B: Sam Jevons
Now in RF: Joe Coate
Pinch Hitting: SHB Quentin Pursglove 0-0: Called Strike
0-1: Ball
1-1: Swinging Strike
1-2: Strikes out swinging
Pitching: RHP Luke Leese
Batting: LHB Clint Soper 0-0: Called Strike
0-1: Ball
1-1: Ball
2-1: Ball
3-1: Fly out, F6 (Popup, 6M, EV 73.1 MPH)
Batting: RHB Luke Godden 0-0: Swinging Strike
0-1: Foul Ball, location: 23FF
0-2: Ground out 5-3 (Groundball, 56, EV 90.0 MPH)
Bottom of the 7th over - 0 runs, 0 hits, 0 errors, 0 left on base; St. Kilda 1 - South Sydney 2
TOP OF THE 8TH
St. Kilda Saints batting - Pitching for South Sydney Rabbitohs : LHP Ben Pearn
Pitching: RHP Geoff Medley
Batting: LHB Tim Crashaw 0-0: Called Strike
0-1: Foul Ball, location: 2F
0-2: Ball
1-2: Ball
2-2: Strikes out swinging
Pinch Hitting: LHB Chris Beavis 0-0: Ball
1-0: Fly out, F9 (Flyball, 9, EV 93.1 MPH)
Batting: RHB Graeme Coverdale 0-0: Called Strike
0-1: Ball
1-1: Foul Ball, location: 2F
1-2: Ground out 6-3 (Groundball, 56S, EV 68.1 MPH)
Top of the 8th over - 0 runs, 0 hits, 0 errors, 0 left on base; St. Kilda 1 - South Sydney 2
BOTTOM OF THE 8TH
South Sydney Rabbitohs batting - Pitching for St. Kilda Saints : RHP Luke Leese
Pitching: RHP Layne Tinsley
Batting: RHB Kirby Hooley 0-0: Called Strike
0-1: Swinging Strike
0-2: Ball
1-2: Ball
2-2: Ground out 6-3 (Groundball, 6, EV 81.9 MPH)
Batting: RHB Pete Vinson 0-0: Swinging Strike
0-1: Foul Ball, location: 9LSF
0-2: Strikes out looking
Batting: RHB Michael Weyman 0-0: Ball
1-0: Ball
2-0: DOUBLE (Flyball, 89XD, EV 100.6 MPH)
Batting: RHB Arnie Bartelot 0-0: Swinging Strike
0-1: Called Strike
0-2: Strikes out looking
Bottom of the 8th over - 0 runs, 1 hit, 0 errors, 1 left on base; St. Kilda 1 - South Sydney 2
TOP OF THE 9TH
St. Kilda Saints batting - Pitching for South Sydney Rabbitohs : RHP Geoff Medley
Pitching: RHP Damion Giles
Now in RF: Orren Norwood
Batting: RHB Ron Corney 0-0: Called Strike
0-1: Ball
1-1: Swinging Strike
1-2: Foul Ball, location: 2F
1-2: Ball
2-2: Foul Ball, location: 3FF
2-2: Ball
3-2: Ground out 4-3 (Groundball, 4, EV 84.4 MPH)
Batting: RHB Billy Rigden 0-0: Ball
1-0: Foul Ball, location: 2F
1-1: Ball
2-1: Called Strike
2-2: Ground out 5-3 (Groundball, 56, EV 85.0 MPH)
Batting: LHB Joe Coate 0-0: Ball
1-0: Swinging Strike
1-1: Ball
2-1: Ball
3-1: Swinging Strike
3-2: Ground out 4-3 (Groundball, 34, EV 103.8 MPH)
Top of the 9th over - 0 runs, 0 hits, 0 errors, 0 left on base; St. Kilda 1 - South Sydney 2
Thursday, May 2nd , 2024 - OOTP Baseball 24.9 Build 80